 Dungeon Crawl Stone Soup version 0.28-b1-25-g9875b3fc8c (webtiles) character file.

Game seed: 5732761421228329298

10019 funkygono the Thaumaturge (level 11, -5/57 HPs)
             Began as a Gargoyle Fire Elementalist on Feb 5, 2022.
             Was a Priest of Vehumet.
             Slain by a two-headed ogre (17 damage)
             ... on level 11 of the Dungeon.
             The game lasted 00:31:48 (12637 turns).

funkygono the Thaumaturge (GrFE)                   Turns: 12637, Time: 00:31:48

Health: -5/57      AC: 16    Str: 13    XL:     11   Next: 55%
Magic:  12/35      EV: 12    Int: 19    God:    Vehumet [***...]
Gold:   1408       SH:  0    Dex: 10    Spells: 5/32 levels left

rFire   . . .      SeeInvis .   w - +5 morningstar (spect)
rCold   + . .      Faith    .   (no shield)
rNeg    + . .      Spirit   .   g - +2 robe {rC+}
rPois   ∞          Reflect  .   (no helmet)
rElec   +          Harm     .   n - +0 cloak
rCorr   .          Rampage  .   u - +0 pair of gloves
Will    .....                   D - +1 pair of boots
Stlth   ++........              c - amulet of regeneration
HPRegen 0.99/turn               s - ring of magical power
MPRegen 0.24/turn               v - ring of wizardry

@: no status effects
A: sickness immunity, AC +8, negative energy resistance 1, electricity
resistance, torment resistance 1, petrification resistance
a: Renounce Religion


You were on level 11 of the Dungeon.
You worshipped Vehumet.
Vehumet was most pleased with you.
You visited 2 branches of the dungeon, and saw 12 of its levels.

You collected 1408 gold pieces.

Inventory:

Hand Weapons
 h - a +1 flail of draining
 p - a +0 whip
 w - a +5 spectral morningstar (weapon)
Missiles
 b - 357 stones
 A - a throwing net
Armour
 g - a +2 robe of cold resistance (worn)
 n - a +0 cloak (worn)
 q - a scarf of repulsion
 u - a +0 pair of gloves (worn)
 x - the +5 scale mail of Vyjoh {Will+}
   (You found it on level 10 of the Dungeon)

   Will:      It increases your willpower.
 z - a +1 robe
 D - a +1 pair of boots (worn)
Jewellery
 c - an amulet of regeneration (around neck)
 k - an amulet of the acrobat
 s - a ring of magical power (left hand)
 v - a ring of wizardry (right hand)
 y - a ring of magical power
Wands
 a - a wand of polymorph (5)
 m - a wand of mindburst (9)
 o - a wand of flame (29)
Scrolls
 r - a scroll of amnesia
 t - 5 scrolls of teleportation
Potions
 d - 2 potions of attraction
 e - a potion of invisibility {unknown}
 f - 2 potions of heal wounds
 i - a potion of brilliance
 j - 2 potions of flight
 l - 2 potions of haste {unknown}
 B - 2 potions of ambrosia


   Skills:
 + Level 2.0 Fighting
 + Level 2.5 Maces & Flails
 + Level 2.6 Dodging
 - Level 2.1 Stealth
 * Level 11.0 Spellcasting
 * Level 7.7 Conjurations
 + Level 0.6 Transmutations
 * Level 9.8 Fire Magic
 + Level 3.3 Earth Magic
 + Level 3.7 Poison Magic


You had 5 spell levels left.
You knew the following spells:

 Your Spells              Type           Power      Damage    Failure   Level
a - Foxfire               Conj/Fire      100%       2x1d9     1%          1
b - Scorch                Fire           96%        2d9       1%          2
c - Conjure Flame         Conj/Fire      43%        6-21      1%          3
d - Flame Wave            Conj/Fire      43%        2d9       1%          4
e - Sting                 Tmut/Pois      72%        1d6       1%          1
f - Olgreb's Toxic Radia  Pois           24%        N/A       1%          4
g - Sandblast             Erth           46%        2d11      1%          1
h - Ignition              Fire           24%        3d8       54%         8
i - Ignite Poison         Fire/Tmut/Pois 28%        N/A       1%          3

Your spell library contained the following spells:

 Spells                   Type           Power      Damage    Failure   Level
 Poisonous Vapours        Pois/Air       34%        N/A       1%          2
 Inner Flame              Hex/Fire       29%        N/A       1%          3
 Spider Form              Tmut/Pois      18%        N/A       3%          3
 Ensorcelled Hibernation  Hex/Ice        20%        N/A       4%          2
 Call Canine Familiar     Summ           10%        N/A       9%          3
 Gell's Gravitas          Tloc           10%        N/A       9%          3
 Lesser Beckoning         Tloc           10%        N/A       9%          3
 Portal Projectile        Hex/Tloc       20%        N/A       9%          3
 Teleport Other           Tloc           10%        N/A       9%          3
 Leda's Liquefaction      Hex/Erth       8%         N/A       13%         4
 Anguish                  Hex/Necr       5%         N/A       26%         4
 Ozocubu's Refrigeration  Ice            5%         4d6       98%         7


Dungeon Overview and Level Annotations

Branches:
Dungeon (11/15)            Temple (1/1) D:5             Orc (0/2) D:10
   Lair: D:8-11

Altars:
Ashenzari
Cheibriados
Dithmenos
Elyvilon
Fedhas
Gozag
Hepliaklqana
Kikubaaqudgha
Makhleb
Nemelex Xobeh
Okawaru
Qazlal
Ru
Sif Muna
Trog
Uskayaw
Vehumet
Wu Jian
Xom
Yredelemnul
Zin
The Shining One
Lugonu

Shops:
D:5 (   D:8 (   D:10 :

Portals:
Abyss: D:6


Innate Abilities, Weirdness & Mutations

You are immune to sickness and miasma.
Your stone body is resilient. (AC +8)
You are immune to poison.
You resist negative energy. (rN+)
You are resistant to electric shocks. (rElec)
You are resistant to unholy torment.
You are immune to petrification.


Message History

The flame wave engulfs the death yak but does no damage.
The death yak is heavily wounded.
You finish channelling waves of flame.
You hear a shout! x2
The death yak is no longer more vulnerable to fire.
The two-headed ogre barely misses you. x2
A river rat comes into view.
The death yak gores you.
Casting: Flame Wave (safe; 1% risk of failure)
Confirm with . or Enter, or press ? or * to list all spells.
Casting: Flame Wave (safe; 1% risk of failure)
Press: ? - help, Dir - look around, f - activate A wave of flame ripples out!
The flame wave engulfs the two-headed ogre!
The two-headed ogre is severely wounded.
The flame wave engulfs the death yak!
The death yak is severely wounded. (Press . to intensify the flame waves.)
The death yak gores you but does no damage.
The two-headed ogre hits you with a +0 giant club!
The two-headed ogre closely misses you.
A death yak comes into view.
A wave of flame ripples out!
The flame wave engulfs the two-headed ogre.
The two-headed ogre is severely wounded.
The flame wave engulfs the death yak but does no damage.
The death yak is severely wounded.
The death yak barely misses you.
Unknown command.
A wave of flame ripples out!
The flame wave engulfs the two-headed ogre!
The two-headed ogre is almost dead.
The flame wave engulfs the death yak!
The death yak is severely wounded.
The flame wave engulfs the river rat but does no damage.
You finish channelling waves of flame.
The two-headed ogre looks more healthy.
The two-headed ogre hits you with a +0 giant club!!
* * * LOW HITPOINT WARNING * * *
The two-headed ogre hits you with a +0 giant spiked club!
You die...

.#.###### #.# ..## #.# #§.
... <## #.# #§# .. .# #.#
#§# .. .# #.# #.# Y .# #.#
#.#.#
.#############.###.#†#
..........>......Y.Y.###.#
..........####..@Or......#
########### #####.#######
#.# #.# #.. ###


You could see 2 death yaks, a two-headed ogre and a river rat.

Vanquished Creatures
  A boulder beetle (D:10)
  Harold (D:7)
  A catoblepas (D:8)
  A two-headed ogre (D:9)
  2 cyclopes
  2 hornets
  A meliai zombie (D:10)
  7 yaks
  2 wyverns (D:9)
  3 steam dragons
  A water moccasin (D:6)
  An acid dragon (D:9)
  Duvessa (D:7)
  3 black bears
  2 ice beasts
  7 orc warriors
  4 centaurs
  3 ogres
  2 phantoms
  A scorpion (D:5)
  A wyvern skeleton (D:6)
  Dowan (D:7)
  A water moccasin skeleton (D:6)
  10 wights (D:8)
  4 electric eels (D:10)
  A crimson imp (D:4)
  5 centaur zombies
  2 gnoll shamans
  7 orc priests
  A bullfrog skeleton (D:5)
  2 hounds
  11 orc wizards
  3 iguanas (D:6)
  Terence (D:2)
  A killer bee zombie (D:8)
  A howler monkey zombie (D:5)
  7 gnolls
  4 adders
  2 white imps
  2 worms
  3 dart slugs
  48 orcs
  7 endoplasms
  2 giant cockroaches (D:1)
  2 goblins
  2 hobgoblins (D:1)
  5 jackals (D:4)
  3 kobolds
  2 quokkas
  5 ball pythons
  3 bats
  3 frilled lizards (D:1)
  A quokka skeleton (D:4)
  2 rats
  A lurking horror (D:6)
202 creatures vanquished.

Vanquished Creatures (collateral kills)
  A foxfire (D:10)
1 creature vanquished.

Vanquished Creatures (others)
  868 foxfires
  8 fungi
  3 plants (D:4)
879 creatures vanquished.

Grand Total: 1082 creatures vanquished

Notes
Turn   | Place    | Note
-------+----------+-------------------------------------------
     0 | D:1      | funkygono the Gargoyle Fire Elementalist began the quest
                  | for the Orb.
     0 | D:1      | Reached XP level 1. HP: 10/10 MP: 3/3
    65 | D:1      | Found a faded altar of an unknown god.
   315 | D:1      | Reached XP level 2. HP: 13/15 MP: 0/5
   318 | D:1      | Learned a level 2 spell: Scorch
  1466 | D:2      | Reached XP level 3. HP: 19/19 MP: 1/6
  1639 | D:2      | Noticed Terence
  1674 | D:2      | Killed Terence
  2038 | D:2      | Learned a level 3 spell: Conjure Flame
  2248 | D:3      | Reached XP level 4. HP: 24/24 MP: 5/8
  2852 | D:4      | Reached skill level 3 in Spellcasting
  2903 | D:4      | Noticed an ogre
  2915 | D:4      | Killed an ogre
  2916 | D:4      | Reached XP level 5. HP: 20/28 MP: 3/10
  2924 | D:4      | Learned a level 4 spell: Flame Wave
  3455 | D:4      | Found a blossoming altar of Fedhas.
  3610 | D:4      | Reached XP level 6. HP: 32/32 MP: 11/11
  3658 | D:5      | Entered Level 5 of the Dungeon
  3658 | D:5      | Found a staircase to the Ecumenical Temple.
  3664 | Temple   | Entered the Ecumenical Temple
  3702 | Temple   | Became a worshipper of Vehumet
  3947 | D:5      | Noticed a black bear
  3957 | D:5      | Killed a black bear
  3958 | D:5      | Reached skill level 1 in Maces & Flails
  4207 | D:5      | Reached skill level 1 in Fighting
  4264 | D:5      | Found Atsoifo's Weapon Boutique.
  4324 | D:5      | Reached skill level 4 in Spellcasting
  4330 | D:5      | Reached XP level 7. HP: 38/38 MP: 0/13
  4568 | D:5      | Reached skill level 5 in Fire Magic
  5560 | D:6      | Reached skill level 5 in Spellcasting
  5560 | D:6      | Reached XP level 8. HP: 29/43 MP: 12/15
  6288 | D:6      | Found a corrupted altar of Lugonu.
  6493 | D:6      | Reached skill level 6 in Spellcasting
  6496 | D:6      | Reached skill level 5 in Conjurations
  6561 | D:6      | Found a one-way gate to the infinite horrors of the Abyss.
  7065 | D:6      | Learned a level 1 spell: Sting
  7070 | D:6      | Learned a level 4 spell: Olgreb's Toxic Radiance
  7190 | D:7      | Reached * piety under Vehumet
  7190 | D:7      | Offered knowledge of Sandblast by Vehumet.
  7191 | D:7      | Reached XP level 9. HP: 48/48 MP: 13/18
  7359 | D:7      | Noticed Duvessa
  7365 | D:7      | Killed Duvessa
  7368 | D:7      | Reached skill level 7 in Spellcasting
  7440 | D:7      | Noticed Dowan
  7447 | D:7      | Killed Dowan
  7562 | D:7      | Noticed Harold
  7583 | D:7      | Killed Harold
  7584 | D:7      | Reached skill level 1 in Poison Magic
  7802 | D:7      | Learned a level 1 spell: Sandblast
  8332 | D:8      | Reached skill level 8 in Spellcasting
  8340 | D:8      | Reached XP level 10. HP: 53/53 MP: 9/22
  8615 | D:8      | Noticed a catoblepas
  8629 | D:8      | Killed a catoblepas
  8909 | D:8      | Found Faeterul's Weapon Shop.
  8951 | D:8      | Offered knowledge of Static Discharge by Vehumet.
  8970 | D:8      | Reached ** piety under Vehumet
  9403 | D:8      | Reached skill level 9 in Spellcasting
  9546 | D:8      | Reached skill level 1 in Earth Magic
 10544 | D:9      | Noticed a cyclops
 10552 | D:9      | Killed a cyclops
 10851 | D:9      | Noticed a two-headed ogre
 10858 | D:9      | Killed a two-headed ogre
 10858 | D:9      | Offered knowledge of Frozen Ramparts by Vehumet.
 10859 | D:9      | Reached skill level 10 in Spellcasting
 10859 | D:9      | Reached XP level 11. HP: 57/57 MP: 15/25
 11141 | D:9      | Identified a scroll of acquirement
 11141 | D:9      | Acquired 835 gold pieces
 11159 | D:9      | Learned a level 8 spell: Ignition
 11182 | D:10     | Entered Level 10 of the Dungeon
 11351 | D:10     | Reached *** piety under Vehumet
 11617 | D:10     | Found a staircase to the Orcish Mines.
 11876 | D:10     | Noticed a boulder beetle
 11886 | D:10     | Killed a boulder beetle
 12125 | D:10     | Offered knowledge of Ignite Poison by Vehumet.
 12186 | D:10     | Learned a level 3 spell: Ignite Poison
 12320 | D:10     | Found Regehour's Self-Improvement Boutique.
 12324 | D:10     | Identified the +5 scale mail of Vyjoh {Will+}
 12620 | D:11     | Noticed a death yak
 12620 | D:11     | Noticed a cyclops
 12621 | D:11     | Noticed a two-headed ogre
 12630 | D:11     | Killed a cyclops
 12631 | D:11     | Reached skill level 11 in Spellcasting
 12635 | D:11     | Noticed a death yak
 12637 | D:11     | Slain by a two-headed ogre

Illustrated notes

Levels and vault maps discovered:
D:1:      minmay_arrival_shattered_statue, layout_loops_ring,
          hellmonk_ecumenical_altar_blasted
D:2:      layout_basic, mrwooster_statue_mirror, patterned_corridor,
          uniq_terence
D:3:      layout_basic
D:4:      layout_basic, fedhas_altar_3, minmay_fire_ice_demons
D:5:      layout_layer_cave, minmay_temple_entry_statues_fountains,
          serial_shops, nicolae_shop_bloodbath_and_beyond
D:6:      layout_layer_cave, amcnicky_altar_lugonu_corruption
D:7:      layout_rooms, enter_bailey_2, uniq_harold, uniq_duvessa
D:8:      layout_loops_ring, serial_shops, nicolae_shop_window_shopping,
          roderic_nine_men_s_morris
D:9:      layout_gridville, kennysheep_generic_room_16
D:10:     layout_loops_corners, erik_orc_2, fungi_pond_lemuel,
          nicolae_shop_self_help
D:11:     nzn_winding_woodlands_large [nzn_winding_woodlands_5x5_closed_star,
          nzn_winding_woodlands_5x15_sawtooth,
          nzn_winding_woodlands_5x5_checkerboard,
          nzn_winding_woodlands_center_triple_pond,
          nzn_winding_woodlands_15x15_eel_pit,
          nzn_winding_woodlands_center_diamonds,
          nzn_winding_woodlands_5x5_default, nzn_winding_woodlands_5x15_parted,
          nzn_winding_woodlands_5x5_three], layout_loops_ring,
          dpeg_lair_monsters
Temple:   nicolae_temple_the_god_donut

Skill      XL: |  1  2  3  4  5  6  7  8  9 10 11 |
---------------+----------------------------------+-----
Spellcasting   | 3 4 5 6 8 10 11 | 11.0
Conjurations   | 2 3 4 5 6 7 |  7.7
Fire Magic     | 4 5 6 8 9 |  9.8
Maces & Flails | 1 2 |  2.5
Dodging        | 2 |  2.6
Fighting       | 1 2 |  2.0
Poison Magic   | 2 3 |  3.7
Earth Magic    | 3 |  3.3
Stealth        | |  2.1
Transmutations | |  0.6

Action                   |  1- 3 |  4- 6 |  7- 9 | 10-12 || total
-------------------------+-------+-------+-------+-------++-------
Melee: Unarmed           |     4 |       |       |       ||     4
       Flail             |       |   154 |     9 |    11 ||   174
       Punch             |       |     3 |       |       ||     3
       Morningstar       |       |       |       |    10 ||    10
 Cast: Foxfire           |    39 |    77 |   156 |   238 ||   510
       Scorch            |     2 |     8 |    33 |    41 ||    84
       Sting             |       |       |    14 |     9 ||    23
       Conjure Flame     |       |       |     8 |     7 ||    15
       Olgreb's Toxic Ra |       |       |     1 |    37 ||    38
       Flame Wave        |       |       |       |     2 ||     2
  Use: Scroll            |     2 |     6 |     6 |     6 ||    20
       Potion            |       |       |     1 |     2 ||     3
Armor: Robe              |     3 |    81 |    15 |    18 ||   117
Dodge: Dodged            |     2 |   109 |    31 |    39 ||   181
